 Dungeon Crawl Stone Soup version 0.21-a0-633-g4c047d5 (webtiles) character file.

6237 Alarkh the Carver (level 10, 0/66 HPs)
             Began as an Octopode Chaos Knight on Dec 28, 2017.
             Slain by a polar bear (5 damage)
             ... in an ice cave.
             The game lasted 00:17:43 (8290 turns).

Alarkh the Carver (Octopode Chaos Knight)           Turns: 8290, Time: 00:17:44

Health: 0/66       AC:  5    Str: 14    XL:     10   Next: 93%
Magic:  22/22      EV: 19    Int: 23    God:    Xom [...*..]
Gold:   418        SH:  0    Dex: 19    Spells: 9/9 levels left

rFire    . . .     SeeInvis +   a - +2 great sword (freeze)
rCold    . . .     Gourm    .   (shield currently unavailable)
rNeg     . . .     Faith    .   (helmet restricted)
rPois    +         Spirit   .   (no amulet)
rElec    .         Reflect  .   f - ring of see invisible
rCorr    .         Harm     .   s - ring "Latekam" {*Drain MP+9 Str+2 Int+4 Dex+5}
MR       .....     Clarity  +   (no ring)
Stlth    ++++......             (no ring)
HPRegen  1.01/turn              (no ring)
MPRegen  0.18/turn              (no ring)
                                (no ring)
                                (no ring)

@: no status effects
A: almost no armour, stealthy swim, amphibious, 8 rings, constrict 8, fangs 1,
tentacle spike 1, repulsion field 1, slimy green scales 1, yellow scales 1,
camouflage 1, agile 1, clarity, clever 1, poison resistance, regeneration 2,
wild magic 1, gelatinous body 1
a: Renounce Religion


You were in an ice cave.
You worshipped Xom.
You were a favourite toy of Xom.
You were not hungry.

You visited 2 branches of the dungeon, and saw 11 of its levels.
You also visited: Ossuary and Ice Cave.

You collected 698 gold pieces.
You spent 280 gold pieces at shops.

Inventory:

Hand Weapons
 a - a +2 great sword of freezing (weapon)
 b - a +0 falchion of chaos
Jewellery
 f - a ring of see invisible (left tentacle)
 r - an uncursed ring of ice
 s - the ring "Latekam" (right tentacle) {*Drain MP+9 Str+2 Int+4 Dex+5}
   (You acquired it on level 14 of the Dungeon)

   [ring of magical power]

   It affects your strength (+2).
   It affects your intelligence (+4).
   It affects your dexterity (+5).
   It affects your magic capacity (+9).
   It causes draining when unequipped.
 w - an uncursed ring of teleportation
Wands
 g - a wand of polymorph (13)
 o - a wand of digging (10)
 q - a wand of acid (23)
Scrolls
 c - 2 scrolls of teleportation
 e - a scroll of identify
 i - 5 scrolls of fear
 k - a scroll of remove curse
 n - 5 scrolls of enchant armour
 p - 2 scrolls of amnesia
Potions
 d - 2 potions of magic
 h - a potion of brilliance
 j - a potion of might
 l - 2 potions of mutation
 z - a potion of lignification
 A - a potion of flight
Books
 t - a book of Battle

   Spells                             Type                      Level
   a - Infusion                       Charms                       1
   b - Shroud of Golubria             Charms/Translocation         2
   c - Song of Slaying                Charms                       2
   d - Spectral Weapon                Hexes/Charms                 3
   e - Regeneration                   Charms/Necromancy            3
Comestibles
 m - 16 rations
 x - 4 chunks of flesh


   Skills:
 + Level 5.5 Fighting
 * Level 13.3 Long Blades
 + Level 5.3 Dodging
 + Level 5.8 Stealth
 + Level 4.3 Evocations


You had 9 spell levels left.
You didn't know any spells.

Dungeon Overview and Level Annotations

Branches:
Dungeon (14/15)            Temple (1/1) D:6
   Lair: D:8-11         Orc: D:9-12      Vaults: D:13-14

Altars:
Ashenzari
Cheibriados
Dithmenos
Elyvilon
Fedhas
Gozag
Hepliaklqana
Kikubaaqudgha
Nemelex Xobeh
Okawaru
Qazlal
Ru
Sif Muna
Trog
Uskayaw
Vehumet
Wu Jian
Yredelemnul
Zin
The Shining One

Shops:
D:7 *


Innate Abilities, Weirdness & Mutations

You cannot wear most types of armour.
You are very stealthy in the water. (Stealth+)
You are amphibious.
You can wear up to eight rings at the same time.
You can use your tentacles to constrict eight enemies at once.
Your skin changes colour to match your surroundings (Stealth+).
Your rubbery body absorbs attacks. (AC +1, EV +1)
You have very sharp teeth.
One of your tentacles bears a spike.
You are surrounded by a mild repulsion field. (EV +2)
You are partially covered in slimy green scales. (AC +2)
You are partially covered in yellow scales. (AC +2)
You are agile. (Dex +2)
You possess an exceptional clarity of mind.
Your mind is acute. (Int +2)
Your system is resistant to poisons. (rPois)
You heal very quickly.
Your spells are a little harder to cast, but a little more powerful.


Message History

* * * LOW HITPOINT WARNING * * *
The wolf completely misses you.
You closely miss the polar bear.
Your tentacle spike misses the polar bear.
You bite the polar bear, but do no damage.
The polar bear is almost dead.
The polar bear closely misses you.
You riposte.
You hit the polar bear but do no damage.
You pierce the polar bear, but do no damage.
You squeeze the polar bear, but do no damage.
The polar bear is almost dead.
The polar bear claws you.
* * * LOW HITPOINT WARNING * * *
The polar bear closely misses you. The polar bear bites you!
You die... "Leave my teddy bear alone!"
Xom revives you! The polar bear claws you.
You die...
Xom titters!

#.### .h..
#... ##..#
##..#
#...######
##..###.#∩#
#.h###....#
#..#@.....#
#.hhhh..∩##
##...#####
#####


You could see 2 polar bears and 2 wolves.

Vanquished Creatures
  An unseen horror (D:14)
  A wolf spider zombie (D:14)
  Joseph (D:7)
  2 ice devils (D:14)
  Grinder (D:5)
  3 shadows (D:14)
  A vampire (D:14)
  A wyvern (D:6)
  2 fire bats (D:5)
  An orc warrior (D:5)
  3 ice beasts
  A sky beast (D:6)
  A phantom (D:4)
  A black bear (D:7)
  4 ogres
  6 bullfrogs
  A wyvern skeleton (D:7)
  3 wights (D:6)
  A howler monkey (D:6)
  4 crimson imps
  A human zombie (Ossuary)
  A jelly (D:5)
  2 bullfrog skeletons
  2 centaur zombies (Ossuary)
  A gnoll shaman (D:7)
  2 centaur skeletons
  5 orc priests
  2 hounds
  An iguana (D:4)
  Jessica (D:2)
  Terence (D:2)
  5 worker ants
  6 orc wizards
  3 big kobold zombies (Ossuary)
  A killer bee zombie (D:7)
  2 hound skeletons
  3 mummies
  12 adders
  13 gnolls
  2 shadow imps
  An adder zombie (D:5)
  2 adder skeletons (D:6)
  2 worms
  3 dart slugs
  7 leopard geckos
  40 orcs
  5 giant cockroaches
  2 gnoll zombies (Ossuary)
  9 goblins
  5 hobgoblins
  3 jackals (D:2)
  3 kobolds
  3 quokkas
  2 ball pythons
  6 bats
  4 frilled lizards
  2 goblin zombies (Ossuary)
  2 hobgoblin zombies (Ossuary)
  2 jackal zombies
  2 orc zombies (Ossuary)
  2 quokka skeletons
  4 rats
216 creatures vanquished.

Vanquished Creatures (collateral kills)
  A hound (D:6)
  An orc wizard (D:6)
  2 worker ants (D:6)
4 creatures vanquished.

Grand Total: 220 creatures vanquished

Notes
Turn   | Place    | Note
-------+----------+-------------------------------------------
     0 | D:1      | Alarkh the Octopode Chaos Knight began the quest for the Orb.
     0 | D:1      | Reached XP level 1. HP: 16/16 MP: 1/1
     3 | D:1      | XOM: divination: magic mapping
   197 | D:1      | Reached XP level 2. HP: 20/21 MP: 2/2
   310 | D:1      | Found a shattered altar of Ashenzari.
   425 | D:1      | XOM: mild Erth miscast
   855 | D:1      | XOM: cloud trail
   867 | D:1      | XOM: divination: detect items
   956 | D:2      | Reached XP level 3. HP: 26/26 MP: 3/3
   995 | D:2      | Noticed Jessica
  1001 | D:2      | Killed Jessica
  1001 | D:2      | Reached skill level 4 in Long Blades
  1001 | D:2      | Reached XP level 4. HP: 29/31 MP: 4/4
  1047 | D:2      | Found a white marble altar of Elyvilon.
  1188 | D:2      | Found a stormy altar of Qazlal.
  1190 | D:2      | Noticed a fire elemental
  1191 | D:2      | Noticed Terence
  1192 | D:2      | Noticed a water elemental
  1192 | D:2      | Noticed an air elemental
  1192 | D:2      | Noticed an earth elemental
  1213 | D:2      | Killed Terence
  1254 | D:1      | XOM: harmless Tloc miscast
  1403 | D:1      | XOM: silly message
  1484 | D:2      | XOM: potion effect (invisibility)
  1486 | D:2      | Reached XP level 5. HP: 37/37 MP: 5/5
  1595 | D:2      | Reached skill level 5 in Long Blades
  1824 | D:3      | Gained mutation: You are surrounded by a mild repulsion field. (EV +2) [potion of mutation]
  1824 | D:3      | Gained mutation: Your system is resistant to poisons. (rPois) [potion of mutation]
  1824 | D:3      | Gained mutation: Your spells are a little harder to cast, but a little more powerful. [potion of mutation]
  1950 | D:3      | Found an ancient bone altar of Kikubaaqudgha.
  1996 | D:3      | XOM: divination: magic mapping
  2042 | D:3      | Reached XP level 6. HP: 42/43 MP: 6/6
  2202 | D:3      | Found an opulent altar of Gozag.
  2205 | D:3      | Found an ornate altar of the Wu Jian Council.
  2208 | D:3      | Found a shattered altar of Ashenzari.
  2322 | D:3      | XOM: potion effect (invisibility)
  2323 | D:3      | Reached skill level 6 in Long Blades
  2567 | D:3      | Found a faded altar of an unknown god.
  2898 | D:3      | XOM: silly message
  2997 | D:3      | Found a glowing silver altar of Zin.
  3052 | D:3      | XOM: divination: detect items
  3195 | D:3      | XOM: silly message
  3306 | D:4      | XOM: divination: magic mapping
  3357 | D:4      | Noticed a phantom
  3367 | D:4      | Killed a phantom
  3367 | D:4      | Reached skill level 7 in Long Blades
  3367 | D:4      | Reached XP level 7. HP: 33/47 MP: 7/7
  3469 | D:4      | XOM: mild Erth miscast
  3751 | D:4      | XOM: god gift: scroll labeled OJOCWI XAAHU {god gift}
  3809 | D:4      | XOM: mild Tloc miscast
  4074 | D:4      | XOM: god gift: jewelled copper wand {god gift}
  4123 | D:4      | Reached skill level 8 in Long Blades
  4232 | D:4      | XOM: give mutations
  4232 | D:4      | Gained mutation: You are partially covered in slimy green scales. (AC +2) [Xom's grace]
  4232 | D:4      | Gained mutation: One of your tentacles bears a spike. [Xom's grace]
  4232 | D:4      | Gained mutation: You are partially covered in yellow scales. (AC +2) [Xom's grace]
  4232 | D:4      | Gained mutation: You possess an exceptional clarity of mind. [Xom's grace]
  4381 | D:4      | XOM: 2-stop teleportation journey
  4482 | D:4      | XOM: potion effect (agility)
  4533 | D:4      | XOM: give mutations
  4533 | D:4      | Gained mutation: You are agile. (Dex +2) [Xom's grace]
  4533 | D:4      | Gained mutation: Your mind is acute. (Int +2) [Xom's grace]
  4670 | D:4      | Reached XP level 8. HP: 54/54 MP: 8/8
  4844 | D:5      | Entered Level 5 of the Dungeon
  4851 | D:5      | Found a transporter.
  4861 | D:5      | Found a shadowy altar of Dithmenos.
  4868 | D:5      | XOM: harmless Air miscast
  4927 | D:5      | Reached skill level 9 in Long Blades
  5056 | D:5      | XOM: silly message
  5234 | D:5      | XOM: divination: detect creatures
  5501 | D:5      | XOM: cast spell 'Summon Small Mammal'
  5513 | D:5      | Reached skill level 10 in Long Blades
  5651 | D:5      | Noticed Grinder
  5654 | D:5      | Killed Grinder
  5752 | D:5      | Found a transporter.
  5828 | D:5      | XOM: harmless Ice miscast
  5947 | D:5      | XOM: enchant monster (bad)
  5949 | D:5      | Reached skill level 11 in Long Blades
  5949 | D:5      | Reached XP level 9. HP: 58/58 MP: 9/9
  6356 | D:6      | XOM: summons 9 friendly demons
  6358 | D:6      | XOM: polymorph ufetubus -> shadow imp
  6381 | D:6      | XOM is BORED!
  6381 | D:6      | XOM: medium Chrm miscast
  6433 | D:6      | XOM: 3-stop teleportation journey
  6450 | D:6      | XOM: god gift: agate ring {god gift}
  6502 | D:6      | Noticed a dagger
  6508 | D:6      | Noticed a hand axe
  6509 | D:6      | Found a hide-covered altar of Uskayaw.
  6538 | D:6      | XOM: fog
  6544 | D:6      | Reached skill level 12 in Long Blades
  6690 | D:6      | Found a staircase to the Ecumenical Temple.
  6698 | Temple   | Entered the Ecumenical Temple
  6742 | Temple   | XOM: give mutations
  6742 | Temple   | Gained mutation: Your natural rate of healing is unusually fast. [Xom's grace]
  6742 | Temple   | Gained mutation: You heal very quickly. [Xom's grace]
  6742 | Temple   | Gained mutation: You have very sharp teeth. [Xom's grace]
  6872 | D:6      | Reached skill level 1 in Stealth
  6881 | D:6      | Reached skill level 1 in Evocations
  6927 | D:6      | XOM: mild Hex miscast
  7364 | D:7      | Found Tunluod's Assorted Antiques.
  7370 | D:7      | Bought a scroll labeled IFOVEM DUOX for 32 gold pieces
  7370 | D:7      | Bought a scroll labeled CASOYJ LUATEF for 32 gold pieces
  7370 | D:7      | Bought a runed copper ring for 160 gold pieces
  7370 | D:7      | Bought an emerald potion for 28 gold pieces
  7370 | D:7      | Bought an orange potion for 28 gold pieces
  7371 | D:7      | Found a bloodstained altar of Trog.
  7445 | D:7      | Found a sand-covered staircase.
  7452 | Ossuary  | Entered an ossuary
  7591 | D:7      | Reached XP level 10. HP: 65/65 MP: 11/11
  7895 | D:7      | Found a sparkling altar of Nemelex Xobeh.
  7903 | D:7      | XOM: harmless Pois miscast
  7949 | D:7      | XOM: blink monster(s)
  7953 | D:7      | Found a basalt altar of Yredelemnul.
  7953 | D:7      | Noticed Joseph
  7972 | D:7      | Killed Joseph
  8039 | D:7      | You fall through a shaft for 3 floors!
  8039 | D:10     | Entered Level 10 of the Dungeon
  8054 | D:10     | You fall through a shaft for 3 floors!
  8094 | D:14     | Got a faintly glowing tin ring
  8095 | D:14     | Identified the ring "Latekam" {*Drain MP+9 Str+2 Int+4 Dex+5} (You acquired it on level 14 of the Dungeon)
  8162 | D:14     | Noticed an unseen horror
  8165 | D:14     | XOM: summons friendly quasit
  8166 | D:14     | Killed an unseen horror
  8166 | D:14     | Reached skill level 5 in Fighting
  8166 | D:14     | Reached skill level 13 in Long Blades
  8169 | D:14     | Reached skill level 5 in Stealth
  8176 | D:14     | Reached skill level 5 in Dodging
  8208 | D:14     | Found a frozen archway.
  8219 | D:14     | XOM: 1-stop teleportation journey
  8236 | D:14     | XOM: scenery: 1 doors open
  8242 | D:14     | XOM: cast spell 'Call Canine Familiar'
  8244 | D:14     | Xom revived you
  8257 | IceCv    | Entered an ice cave
  8290 | IceCv    | Xom revived you
  8290 | IceCv    | Slain by a polar bear

Vault maps used:
D:1:      shiori_arrival_elements, st_stairs_9, ashenzari_altar_1
D:2:      nicolae_qazlal_style_of_elements, st_stairs_7, lemuel_tele_altar,
          uniq_terence, uniq_jessica
D:3:      lemuel_doored_altar, grunt_temple_overflow_diamond,
          overflow_temple_1_default, chequers_ecumenical_altar_twisty
D:4:      minmay_opposing_rooms, corexii_corridor_pit, grunt_decor_arrowhead
D:5:      gammafunk_cloud_chamber, lemuel_round_altar, first_ration,
          minmay_misc_feat_five, minmay_misc_feat_hallway, uniq_grinder
D:6:      dancing_weapons_uskayaw, minmay_temple_entry_grid,
          hangedman_decor_opposing
D:7:      bloody_trog, old_standard_altar, basic_altar, serial_shops, shop,
          gup_ossuary_entry_pyramid, uniq_joseph
D:13:     lightli_vaults_fourway_checkpoint
D:14:     portal_ice_cave_demonic_guard, lab_entry_generic
Temple:   cyrus_temple_forest
Ossuary:  minmay_ossuary_gauntlet
IceCv:    ice_cave_caverns_03

Skill      XL: |  1  2  3  4  5  6  7  8  9 10 |
---------------+-------------------------------+-----
Long Blades    | 4 5 7 8 11 12 13 | 13.3
Dodging        | 3 5 |  5.3
Stealth        | 3 5 |  5.8
Evocations     | 2 4 |  4.3
Fighting       | 4 5 |  5.5

Action                   |  1- 3 |  4- 6 |  7- 9 | 10-12 || total
-------------------------+-------+-------+-------+-------++-------
Melee: Falchion          |    27 |     5 |       |       ||    32
       Constrict         |    10 |    37 |    55 |    17 ||   119
       Tentacles         |     3 |    21 |    39 |    22 ||    85
       Great sword       |       |   107 |   194 |    82 ||   383
       Kick              |       |       |    61 |    34 ||    95
       Bite              |       |       |     9 |    13 ||    22
Evoke: Wand              |       |       |     1 |       ||     1
  Use: Potion            |       |     4 |     4 |     5 ||    13
       Scroll            |       |     7 |     9 |     4 ||    20
 Stab: Sleeping          |     5 |     2 |    11 |     4 ||    22
       Invisible         |       |     2 |       |       ||     2
  Eat: Chunk             |       |     8 |     9 |     3 ||    20
       Ration            |       |       |     1 |       ||     1
Armor: Skin              |     1 |     3 |    18 |    14 ||    36
Dodge: Dodged            |    16 |   105 |   166 |    77 ||   364
       Rpst.: Falchion   |     2 |       |       |       ||     2
       Great sword       |       |    26 |    58 |    15 ||    99

Table legend:
 A = Spawn XP
 B = Non-spawn XP
 C = Spawn XP percentage of total XP
 D = Spawn monster count
 E = Non-spawn monster count
 F = Spawn count percentage of total count
 G = Total turns spent on level
                    A         B        C        D         E        F      G
               +---------+---------+-------+---------+---------+-------+---------
         Total |       0 |    8911 |   0.0 |       0 |     220 |   0.0 |  8290
               +---------+---------+-------+---------+---------+-------+---------
           D:1 |       0 |      19 |   0.0 |       0 |      12 |   0.0 |  1134
           D:2 |       0 |     218 |   0.0 |       0 |      31 |   0.0 |   654
           D:3 |       0 |     255 |   0.0 |       0 |      31 |   0.0 |  1502
           D:4 |       0 |     714 |   0.0 |       0 |      34 |   0.0 |  1554
           D:5 |       0 |    1375 |   0.0 |       0 |      22 |   0.0 |  1459
           D:6 |       0 |    1402 |   0.0 |       0 |      39 |   0.0 |   978
           D:7 |       0 |    1298 |   0.0 |       0 |      23 |   0.0 |   550
          D:13 |       0 |     388 |   0.0 |       0 |       1 |   0.0 |    25
          D:14 |       0 |    2987 |   0.0 |       0 |      11 |   0.0 |   178
       Ossuary |       0 |     255 |   0.0 |       0 |      16 |   0.0 |   125
               +---------+---------+-------+---------+---------+-------+---------
